 Dungeon Crawl Stone Soup version 0.22-a0-779-g6f83d72c62 (webtiles) character file.

912 Htamos the Ducker (level 7, 0/39 HPs)
             Began as a Spriggan Berserker on July 19, 2018.
             Was a Priest of Trog.
             Slain by a bullfrog (7 damage)
             ... on level 6 of the Dungeon.
             The game lasted 00:09:16 (5056 turns).

Htamos the Ducker (Spriggan Berserker)              Turns: 5056, Time: 00:09:17

Health: 0/39       AC:  3    Str: 15    XL:     7   Next: 82%
Magic:  8/8        EV: 23    Int:  8    God:    Trog [***...]
Gold:   233        SH:  0    Dex: 16    Spells: 6/6 levels left

rFire    . . .     SeeInvis +     - Unarmed
rCold    . . .     Gourm    .   (shield restricted)
rNeg     . . .     Faith    .   a - +0 animal skin
rPois    .         Spirit   .   (helmet restricted)
rElec    .         Reflect  .   m - +0 cloak
rCorr    .         Harm     .   (gloves unavailable)
MR       +....                  (boots unavailable)
Stlth    +.........             (no amulet)
HPRegen  0.13/turn              (no ring)
MPRegen  0.11/turn              (no ring)

@: very quick
A: very small, unfitting armour, see invisible, herbivore, speed 3, slow
metabolism 2
a: Berserk, Trog's Hand, Renounce Religion


You were on level 6 of the Dungeon.
You worshipped Trog.
Trog was most pleased with you.
You were not hungry.

You visited 1 branch of the dungeon, and saw 6 of its levels.
You also visited: Sewer.

You collected 233 gold pieces.

Inventory:

Hand Weapons
 k - a +4 spear
Armour
 a - a +0 animal skin (worn)
 m - a +0 cloak (worn)
Jewellery
 e - an uncursed ring of protection from cold
 l - an uncursed ring of protection from fire
Wands
 n - a wand of random effects (26)
 o - a wand of iceblast (3)
 s - a wand of enslavement (14)
Scrolls
 g - a scroll of remove curse {unknown}
 j - 2 scrolls of teleportation
 q - 2 scrolls of enchant weapon {unknown}
 u - 2 scrolls of fear {unknown}
 v - a scroll of identify
Potions
 b - 2 potions of heal wounds
 c - 2 potions of curing
 f - a potion of brilliance
 h - 2 potions of flight
 i - a potion of berserk rage
 p - a potion of degeneration
 r - a potion of magic {unknown}
 t - 2 potions of lignification {unknown}
Comestibles
 d - 5 rations


   Skills:
 * Level 5.8 Fighting
 + Level 7.7 Dodging
 + Level 4.4 Unarmed Combat


You had 6 spell levels left.
You didn't know any spells.
Your spell library was empty.

Dungeon Overview and Level Annotations

Branches:
Dungeon (6/15)
 Temple: D:4-7

Altars:
Hepliaklqana


Innate Abilities, Weirdness & Mutations

You are very small and have problems with some larger weapons.
You are too small for most types of armour.
You have supernaturally acute eyesight. (SInv)
You are a herbivore.
You cover ground extremely quickly.
You need to consume almost no food.


Message History

The bullfrog misses you.
You hit the centaur but do no damage.
The centaur is severely wounded.
The centaur misses you. The bullfrog misses you.
You barely miss the centaur.
The centaur is severely wounded.
The centaur barely misses you. The bullfrog hits you.
The centaur completely misses you. The bullfrog barely misses you.
You barely miss the centaur.
The centaur is severely wounded.
The centaur hits you!
* * * LOW HITPOINT WARNING * * *
The bullfrog misses you.
You hit the centaur.
The centaur is almost dead.
The centaur hits you!
* * * LOW HITPOINT WARNING * * *
The bullfrog barely misses you. The centaur closely misses you.
The bullfrog hits you!
You die...

# ##. ... .. #.#..
..##.# .#..#.....#
.......$###
.......... ........#
####+########Fc.....#
.......<...##@).....#
............#(<......
............#!......#
...............#+#[.#
...........###......#
...........# .####.#
...........# ..
...........# ###
###+#######


You could see a bullfrog and a centaur.

Vanquished Creatures
  Eustachio (D:5)
  Edmund (D:5)
  A centaur (D:5)
  2 ogres
  A big kobold (Sewer)
  A crimson imp (D:4)
  3 hounds (D:4)
  An orc wizard (D:4)
  Terence (D:3)
  An iguana (D:4)
  2 adders
  A gnoll (D:1)
  A worm (D:2)
  A dart slug (D:3)
  7 leopard geckos
  8 orcs
  6 bats
  6 giant cockroaches
  7 goblins
  7 hobgoblins
  6 jackals
  6 kobolds
  3 quokkas
  8 frilled lizards
  24 rats
106 creatures vanquished.

Notes
Turn   | Place    | Note
-------+----------+-------------------------------------------
     0 | D:1      | Htamos the Spriggan Berserker began the quest for the Orb.
     0 | D:1      | Reached XP level 1. HP: 11/11 MP: 2/2
   216 | D:1      | Reached XP level 2. HP: 16/16 MP: 3/3
   724 | D:1      | Reached XP level 3. HP: 20/20 MP: 4/4
  1248 | D:2      | Reached skill level 5 in Dodging
  1311 | D:2      | Reached ** piety under Trog
  1798 | D:3      | Noticed Terence
  1952 | D:3      | Killed Terence
  1952 | D:3      | Reached XP level 4. HP: 24/24 MP: 5/5
  2677 | D:4      | Reached XP level 5. HP: 23/29 MP: 6/6
  2691 | D:4      | HP: 1/29 [orc/club (3)]
  2901 | D:4      | Reached skill level 6 in Dodging
  3051 | D:4      | Found a glowing drain.
  3093 | Sewer    | Entered a sewer
  3231 | Sewer    | Reached XP level 6. HP: 24/34 MP: 7/7
  3314 | Sewer    | Found a white marble altar of Elyvilon.
  3762 | D:4      | Reached *** piety under Trog
  4249 | D:5      | Entered Level 5 of the Dungeon
  4387 | D:5      | Noticed Eustachio
  4406 | D:5      | Found a hazy altar of Hepliaklqana.
  4560 | D:5      | Killed Eustachio
  4560 | D:5      | Reached skill level 5 in Fighting
  4560 | D:5      | Reached skill level 7 in Dodging
  4560 | D:5      | Reached XP level 7. HP: 19/39 MP: 8/8
  4792 | D:5      | Noticed Edmund
  4819 | D:5      | Killed Edmund
  5056 | D:6      | Slain by a bullfrog

Vault maps used:
D:1:      ncdulo_lavacross
D:2:      minmay_tree_intersection
D:3:      uniq_terence
D:4:      gup_sewer_entry_pipe, minmay_rat_hole
D:5:      lemuel_doored_altar, first_ration, item_on_display_a, uniq_eustachio,
          uniq_edmund
D:6:      lemuel_zombie_altar_yredelemnul, temple_hall
Sewer:    sewer_kobolds

Skill      XL: |  1  2  3  4  5  6 |
---------------+-------------------+-----
Fighting       | 3 4 5 |  5.8
Dodging        | 5 6 7 |  7.7
Unarmed Combat | 3 4 |  4.4

Action                   |  1- 3 |  4- 6 |  7- 9 || total
-------------------------+-------+-------+-------++-------
Melee: Unarmed           |   149 |   372 |    47 ||   568
       Punch             |     2 |     3 |     4 ||     9
Invok: Berserk           |     4 |     4 |     1 ||     9
       Trog's Hand       |       |     2 |     1 ||     3
  Use: Potion            |     3 |     3 |       ||     6
       Scroll            |       |     8 |       ||     8
 Stab: Sleeping          |     5 |     3 |       ||     8
       Distracted        |     1 |       |       ||     1
  Eat: Ration            |     1 |     5 |     1 ||     7
Armor: Animal skin       |    15 |    31 |     1 ||    47
Dodge: Dodged            |   146 |   392 |    56 ||   594

Table legend:
 A = Spawn XP
 B = Non-spawn XP
 C = Spawn XP percentage of total XP
 D = Spawn monster count
 E = Non-spawn monster count
 F = Spawn count percentage of total count
 G = Total turns spent on level
                    A         B        C        D         E        F      G
               +---------+---------+-------+---------+---------+-------+---------
         Total |       0 |    1304 |   0.0 |       0 |     106 |   0.0 |  5056
               +---------+---------+-------+---------+---------+-------+---------
           D:1 |       0 |      45 |   0.0 |       0 |      20 |   0.0 |  1107
           D:2 |       0 |      27 |   0.0 |       0 |       7 |   0.0 |   640
           D:3 |       0 |      64 |   0.0 |       0 |      16 |   0.0 |   583
           D:4 |       0 |     435 |   0.0 |       0 |      42 |   0.0 |  1637
           D:5 |       0 |     504 |   0.0 |       0 |       9 |   0.0 |   780
           D:6 |       0 |     122 |   0.0 |       0 |       1 |   0.0 |    27
         Sewer |       0 |     107 |   0.0 |       0 |      11 |   0.0 |   282
               +---------+---------+-------+---------+---------+-------+---------
